 Dungeon Crawl Stone Soup version 0.24.1-8-ga250c9d538 (webtiles) character file.

Game seed: 11652527957688330091, levelgen mode: deterministic

210 Hugehornet the Insei (level 5, -2/33 HPs)
             Began as an Octopode Transmuter on May 8, 2020.
             Engulfed by Ijyb's freezing vapour (18 damage)
             ... on level 3 of the Dungeon.
             The game lasted 00:06:56 (2829 turns).

Hugehornet the Insei (Octopode Transmuter)          Turns: 2829, Time: 00:06:56

Health: -2/33      AC:  2    Str: 11    XL:     5   Next: 87%
Magic:  6/9        EV: 20    Int: 16    God:
Gold:   93         SH:  0    Dex: 18    Spells: 4/10 levels left

rFire    . . .     SeeInvis .     - Unarmed
rCold    . . .     Gourm    .   (shield currently unavailable)
rNeg     . . .     Faith    .   (helmet currently unavailable)
rPois    x         Spirit   .   (no amulet)
rElec    .         Reflect  .   (no ring)
rCorr    .         Harm     .   (no ring)
MR       +....                  (no ring)
Stlth    ++........             (no ring)
HPRegen  0.11/turn              (no ring)
MPRegen  0.11/turn              (no ring)
                                (no ring)
                                (no ring)

@: spider-form
A: tiny, almost no armour, stealthy swim, (amphibious), 8 rings, (constrict 8),
magic resistance 1, strong 1
a: End Transformation


You were on level 3 of the Dungeon.
You were not hungry.
You were a venomous arachnid creature.
You visited 1 branch of the dungeon, and saw 3 of its levels.

You collected 93 gold pieces.

Inventory:

Missiles
 a - 34 arrows
Scrolls
 f - a scroll of teleportation {unknown}
 h - 2 scrolls of remove curse
 i - a scroll of enchant weapon {unknown}
 l - a scroll of amnesia {unknown}
Potions
 b - a potion of degeneration
 d - 4 potions of might
 e - a potion of brilliance {unknown}
 k - a potion of heal wounds {unknown}
Comestibles
 c - 2 rations


   Skills:
 - Level 1.0 Fighting
 - Level 2.0 Dodging
 + Level 4.2 Unarmed Combat
 - Level 3.1 Spellcasting
 - Level 3.0 Transmutations
 - Level 3.2 Poison Magic


You had 4 spell levels left.
You knew the following spells:

 Your Spells              Type           Power        Failure   Level  Hunger
a - Beastly Appendage     Tmut           ##....       16%         1    None
b - Sticks to Snakes      Tmut           ##......     21%         2    ##.....
c - Spider Form           Tmut/Pois      ##........   34%         3    ###....

Your spell library contained the following spells:

 Spells                   Type           Power        Failure   Level  Hunger
 Ice Form                 Ice/Tmut       #.......     85%         4    ####...
 Blade Hands              Tmut           ##........   93%         5    ######.


Dungeon Overview and Level Annotations

Branches:
Dungeon (3/15)

Altars:
Fedhas
Hepliaklqana

Annotations:
D:3 exclusions: ogre and oklob plant, Ijyb


Innate Abilities, Weirdness & Mutations

You cannot wear most types of armour.
You are very stealthy in the water. (Stealth+)
((You are amphibious.))
You can wear up to eight rings at the same time.
((You can use your tentacles to constrict eight enemies at once.))
((Your skin changes colour to match your surroundings (Stealth+).))
((Your rubbery body absorbs attacks. (AC +1, EV +1)))
((One of your tentacles bears a spike.))
You are resistant to hostile enchantments. (MR+)
Your muscles are strong. (Str +2)


Message History

Confirm with . or Enter, or press ? or * to list all spells.
You turn into a venomous arachnid creature.
The frilled lizard hisses.
You hit Ijyb.
Ijyb is lightly wounded.
Ijyb zaps a wand.
Ijyb creates a blast of freezing vapour!
A jackal comes into view.
The jackal barks!
You hit Ijyb.
Ijyb is moderately wounded.
You are engulfed in freezing vapours.
Ouch! That really hurt!
An orc comes into view. It is wielding a +0 dagger.
Ijyb closely misses you.
You completely miss Ijyb.
Ijyb is moderately wounded.
You are engulfed in freezing vapours.
Ouch! That really hurt!
You die...

#......###PP.≈≈≈≈≈≈≈≈≈≈≈
#........#P...≈≈≈≈≈≈≈≈≈.
#
#......###.PP..≈≈≈≈≈≈≈..
## #......#
#P♣PP..≈≈≈≈≈..P .###
#......###PPP.P.......#.
.(.#
###.##§§##P.PPPP#..PPPPP
#....O
#.###§§#PPPPP♣P#.#PP.P #
#.##
#...§§##PP.PPP♣.PPP♣P#
### . g
#.###s####P.PPPP♣PPPPP
..####.... #g#
#........)


.lo ..###..... .#... .####.##.. ......g ......# .. ...... ......# ... ......o
........ ... ....>S./. ......#. You could see Ijyb, an adder (wandering), 2
orcs, a hobgoblin and a frilled lizard.

Vanquished Creatures
  Crazy Yiuf (D:2)
  Jessica (D:3)
  Natasha (thrice) (D:2)
  2 adders (D:3)
  2 worms (D:3)
  4 dart slugs
  A leopard gecko (D:2)
  An orc (D:3)
  4 giant cockroaches
  3 goblins
  9 hobgoblins
  2 jackals (D:3)
  A quokka (D:3)
  A ball python (D:2)
  6 bats
  2 frilled lizards
  2 kobolds
  7 rats
52 creatures vanquished.

Notes
Turn   | Place    | Note
-------+----------+-------------------------------------------
     0 | D:1      | Hugehornet the Octopode Transmuter began the quest for the
                  | Orb.
     0 | D:1      | Reached XP level 1. HP: 13/13 MP: 3/3
   151 | D:1      | Reached XP level 2. HP: 15/18 MP: 1/5
   233 | D:1      | Learned a level 2 spell: Sticks to Snakes
   279 | D:1      | You fall into a shaft and drop 1 floor!
   280 | D:2      | Noticed Natasha
   335 | D:2      | Found a hazy altar of Hepliaklqana.
   418 | D:2      | Reached XP level 3. HP: 16/23 MP: 6/6
   423 | D:2      | Learned a level 3 spell: Spider Form
   999 | D:2      | Reached skill level 1 in Poison Magic
  1290 | D:2      | Killed Natasha
  1290 | D:2      | Reached XP level 4. HP: 20/28 MP: 0/7
  1381 | D:2      | Noticed Natasha
  1389 | D:2      | Killed Natasha
  1536 | D:2      | Found a runed translucent door.
  1537 | D:2      | Noticed Crazy Yiuf
  1547 | D:2      | Killed Crazy Yiuf
  1547 | D:2      | Reached XP level 5. HP: 33/33 MP: 1/9
  1833 | D:2      | Noticed Natasha
  1846 | D:2      | Killed Natasha
  2195 | D:3      | Gained mutation: One of your tentacles bears a spike.
                  | [potion of mutation]
  2195 | D:3      | Gained mutation: Your muscles are strong. (Str +2) [potion
                  | of mutation]
  2195 | D:3      | Gained mutation: You are resistant to hostile enchantments.
                  | (MR+) [potion of mutation]
  2196 | D:3      | Lost mutation: Your muscles are strong. (Str +2) [potion of
                  | mutation]
  2196 | D:3      | Lost mutation: One of your tentacles bears a spike. [potion
                  | of mutation]
  2196 | D:3      | Gained mutation: One of your tentacles bears a spike.
                  | [potion of mutation]
  2196 | D:3      | Gained mutation: Your muscles are strong. (Str +2) [potion
                  | of mutation]
  2250 | D:3      | Noticed Jessica
  2259 | D:3      | Killed Jessica
  2263 | D:3      | Reached skill level 4 in Unarmed Combat
  2550 | D:3      | Noticed Ijyb
  2556 | D:3      | Noticed an ogre
  2771 | D:3      | Found a blossoming altar of Fedhas.
  2795 | D:3      | Noticed an oklob plant
  2829 | D:3      | Engulfed by Ijyb's freezing vapour

Levels and vault maps discovered:
D:1:      co_arrival_square_in_a_square_in_a_square, layout_loops_ring
D:2:      layout_basic, nicolae_overflow_crystal_walls,
          minmay_stone_trees_medium, uniq_crazy_yiuf_cottage, uniq_natasha
D:3:      layout_rooms, okawaru_altar_gauntlet_db, kennysheep_slug_shrine,
          first_ration, tgw_fedhas, uniq_jessica, uniq_ijyb

Skill      XL: |  1  2  3  4  5 |
---------------+----------------+-----
Transmutations | 3 |  3.0
Poison Magic   | 1 2 3 |  3.2
Spellcasting   | 3 |  3.1
Unarmed Combat | 4 |  4.2
Fighting       | |  1.0
Dodging        | |  2.0

Action                   |  1- 3 |  4- 6 || total
-------------------------+-------+-------++-------
Melee: Unarmed           |    69 |    55 ||   124
       Kick              |    13 |    14 ||    27
       Constrict         |    21 |    13 ||    34
       Tentacles         |    10 |     7 ||    17
       Punch             |     1 |       ||     1
 Cast: Beastly Appendage |    20 |     3 ||    23
       Spider Form       |     1 |     4 ||     5
 Abil: End Transformatio |       |     1 ||     1
  Use: Scroll            |       |     3 ||     3
       Potion            |       |     2 ||     2
 Stab: Sleeping          |     5 |     2 ||     7
  Eat: Chunk             |     1 |     6 ||     7
Armor: Skin              |     9 |     4 ||    13
Dodge: Dodged            |    61 |    38 ||    99
